 Dungeon Sprint DCSS version 0.19.5 (webtiles) character file.

7400000 hurricos the Axe Maniac (level 27, -67/296 (298) HPs)
             Began as a Deep Dwarf Gladiator on Mar 2, 2017.
             Was the Champion of Makhleb.
             Annihilated by a meat berserker
             ... wielding a +9 battleaxe
              (76 damage)
             ... in the Dungeon (Sprint VIII: "Arena of Blood").
             The game lasted 00:02:06 (74 turns).

hurricos the Axe Maniac (Deep Dwarf Gladiator)        Turns: 74, Time: 00:02:15

HP:   -67/296 (298) AC:  8    Str: 20    XL:     27
MP:   27/54         EV: 36    Int: 12    God:    Makhleb [******]
Gold: 0             SH:  0    Dex: 22    Spells: 0 memorised, 80 levels left

rFire  . . .     SeeInvis .     m - +∞ Axe of Woe
rCold  . . .     Gourm    .     b - +0 leather armour
rNeg   + . .     Faith    .     (shield currently unavailable)
rPois  .         Spirit   .     c - +0 helmet
rElec  .         Reflect  .     (no cloak)
rCorr  .         Harm     .     (no gloves)
MR     ++++.     NoTele   +     (no boots)
Stlth  +++++++++.               (no amulet)
                                (no ring)
                                (no ring)

@: lethally poisoned (-67 -> -67), non-regenerating
A: damage resistance, recharge devices, negative energy resistance 1, sense
surroundings 3, slow regeneration 3
a: Device Recharging, Minor Destruction, Lesser Servant of Makhleb, Major
Destruction, Greater Servant of Makhleb, Renounce Religion


You were in the Dungeon.
You worshipped Makhleb.
Makhleb was exalted by your worship.
You were not hungry.

You visited 1 branch

Inventory:

Hand Weapons
 a - a +0 war axe
 m - the +∞ Axe of Woe (weapon)
   (You found it in the Dungeon)
Missiles
 d - 3 throwing nets (quivered)
Armour
 b - a +0 leather armour (worn)
 c - a +0 helmet (worn)
Wands
 e - a wand of heal wounds (5/9)
Scrolls
 l - a scroll of blinking
Potions
 g - a potion of curing
 h - a potion of heal wounds
 i - a potion of haste
 j - 2 potions of magic
 k - a potion of berserk rage
Comestibles
 f - a bread ration


   Skills:
 O Level 27 Fighting
 O Level 27 Axes
 O Level 27 Throwing
 O Level 27 Armour
 O Level 27 Dodging
 O Level 27 Stealth
 O Level 27 Unarmed Combat
 O Level 27 Spellcasting
 O Level 27 Invocations
 O Level 27 Evocations


You had 80 spell levels left.
You didn't know any spells.

Dungeon Overview and Level Annotations

Branches:
Dungeon (1/1)

Altars:
Makhleb


Innate Abilities, Weirdness & Mutations

You are resistant to damage.
You can recharge devices by infusing magical energy.
You resist negative energy. (rN+)
You passively map a large area around you.
You do not regenerate.


Message History

An orc and an ogre come into view.
You hear a shout!
The meat berserker hits you with a +9 battleaxe!!!
You hear a shout! x2
The meat berserker is engulfed in roaring flames.
You hear a shout!
The dread appears out of thin air!
A dread comes into view.
The destroyer hits you with a +9 great sword of slicing!!!!!
Ouch! That really hurt!
* * * LOW HITPOINT WARNING * * *
The destroyer bites you!
* * * LOW HITPOINT WARNING * * *
You hear a shout!
The accursed casts a spell at you. Something smites you!
* * * LOW HITPOINT WARNING * * *
You hear a shout!
The meat berserker hits you with a +9 battleaxe!!!!
You die...

....#........_.........,
..#...W...#))...#......,
,* , ,
.....Oo)).#_)§§_#......,,
. #....)..#%)§§.#...... ,
, ,
...§#.))).o§._§§)...... ,
, , ,
,......))))))###§2......
* * , ,
.......###O).)§O§###...
......., #..2O§§§# , ,,,,
, ,.........#.V@..%W#...
,
,#.......oM.W§§...§....,,
, ,
*.#.#........§V.......#,
, ,
,,#.#.........§§......#.,
, ,
,*.#.#o..%O.O...%...##..
, , * ,...#...%....#....,
,, , .....%......#... , ,
**,, , ..##.#.......,..,
* , , ........... , ,


You could see an accursed, 2 meat beasts, 2 destroyers, 3 dreads, 6 meat
berserkers and 3 bags of meat.

Vanquished Creatures
  Sigmund (D)
  9 greater mummies (D)
  Harold (D)
  9 vampire knights (D)
  20 ogres (D)
  2 liches (D)
  37 orcs (D)
  5 hill giants (D)
  A skeletal warrior (D)
  4 large abominations (D)
  2 small abominations (D)
  2 crawling corpses (D)
93 creatures vanquished.

Vanquished Creatures (others)
  2 crawling corpses (D)
2 creatures vanquished.

Grand Total: 95 creatures vanquished

Notes
Turn   | Place    | Note
-------+----------+-------------------------------------------
     0 | D        | hurricos the Deep Dwarf Gladiator began the quest for the Orb.
     0 | D        | Reached XP level 1. HP: 19/19 MP: 1/1
     3 | D        | Noticed a bag of meat
     3 | D        | Noticed a bag of meat
     4 | D        | Became a worshipper of Makhleb the Destroyer
     7 | D        | Noticed a bag of meat
     8 | D        | Noticed a bag of meat
     9 | D        | Killed a bag of meat
     9 | D        | Reached skill level 15 in Axes
     9 | D        | Reached skill level 15 in Dodging
     9 | D        | Reached XP level 2. HP: 48/48 MP: 2/2
     9 | D        | Reached XP level 3. HP: 55/55 MP: 3/3
     9 | D        | Reached XP level 4. HP: 63/63 MP: 4/4
     9 | D        | Reached XP level 5. HP: 70/70 MP: 5/5
     9 | D        | Reached XP level 6. HP: 79/79 MP: 6/6
     9 | D        | Reached XP level 7. HP: 86/86 MP: 7/7
     9 | D        | Reached XP level 8. HP: 94/94 MP: 8/8
     9 | D        | Gained mutation: You passively map the area around you. [Deep Dwarf growth]
     9 | D        | Reached XP level 9. HP: 102/102 MP: 9/9
     9 | D        | Reached XP level 10. HP: 110/110 MP: 10/10
     9 | D        | Reached XP level 11. HP: 117/117 MP: 11/11
    10 | D        | Noticed a meat berserker
    10 | D        | Noticed a meat berserker
    10 | D        | Killed a bag of meat
    10 | D        | Reached * piety under Makhleb
    10 | D        | Reached skill level 5 in Unarmed Combat
    10 | D        | Reached XP level 12. HP: 129/129 MP: 11/19
    11 | D        | Noticed a meat berserker
    12 | D        | Noticed a bag of meat
    12 | D        | Killed a bag of meat
    12 | D        | Reached skill level 15 in Fighting
    12 | D        | Reached skill level 15 in Throwing
    12 | D        | Reached skill level 10 in Stealth
    12 | D        | Reached skill level 10 in Invocations
    12 | D        | Reached skill level 10 in Evocations
    12 | D        | Reached XP level 13. HP: 138/138 MP: 11/22
    13 | D        | Noticed a bag of meat
    13 | D        | Noticed a bag of meat
    13 | D        | Killed a meat berserker
    13 | D        | Gained mutation: You resist negative energy. (rN+) [Deep Dwarf growth]
    13 | D        | Reached XP level 14. HP: 150/150 MP: 11/26
    14 | D        | Killed a meat berserker
    14 | D        | Reached ** piety under Makhleb
    14 | D        | Reached skill level 15 in Stealth
    14 | D        | Reached skill level 10 in Spellcasting
    14 | D        | Reached skill level 15 in Invocations
    14 | D        | Reached skill level 15 in Evocations
    14 | D        | Reached XP level 15. HP: 159/159 MP: 11/29
    14 | D        | Killed a meat berserker
    14 | D        | Reached XP level 16. HP: 171/171 MP: 11/31
    15 | D        | Noticed a meat berserker
    17 | D        | Noticed a meat berserker
    17 | D        | Noticed a meat berserker
    18 | D        | Reached *** piety under Makhleb
    18 | D        | Reached XP level 17. HP: 181/181 MP: 12/34
    19 | D        | Noticed a meat berserker
    20 | D        | Noticed a destroyer
    21 | D        | Reached **** piety under Makhleb
    21 | D        | Reached skill level 15 in Unarmed Combat
    21 | D        | Killed a meat berserker
    21 | D        | Reached skill level 27 in Axes
    21 | D        | Reached skill level 15 in Spellcasting
    21 | D        | Gained mutation: You passively map a large area around you. [Deep Dwarf growth]
    21 | D        | Reached XP level 18. HP: 194/194 MP: 13/37
    21 | D        | Killed a meat berserker
    21 | D        | Reached ***** piety under Makhleb
    21 | D        | Reached XP level 19. HP: 208/208 MP: 13/40
    22 | D        | Noticed a meat berserker
    23 | D        | Noticed a meat berserker
    23 | D        | Killed a meat berserker
    23 | D        | Reached skill level 27 in Stealth
    23 | D        | Reached skill level 27 in Invocations
    23 | D        | Killed a meat berserker
    23 | D        | Reached skill level 27 in Dodging
    23 | D        | Reached skill level 27 in Evocations
    23 | D        | Reached XP level 20. HP: 226/226 MP: 13/44
    24 | D        | Killed a destroyer
    25 | D        | Noticed a destroyer
    27 | D        | Reached ****** piety under Makhleb
    27 | D        | Reached XP level 21. HP: 243/243 MP: 14/48
    27 | D        | Reached skill level 27 in Fighting
    27 | D        | Reached skill level 27 in Throwing
    28 | D        | Reached skill level 27 in Unarmed Combat
    28 | D        | Reached skill level 27 in Spellcasting
    28 | D        | Noticed a destroyer
    29 | D        | Reached XP level 22. HP: 254/254 MP: 15/53
    30 | D        | Reached skill level 27 in Armour
    31 | D        | Noticed The Servant
    32 | D        | Noticed a destroyer
    33 | D        | Killed a destroyer
    33 | D        | Reached XP level 23. HP: 262/262 MP: 16/54
    34 | D        | Killed a destroyer
    36 | D        | Reached XP level 24. HP: 206/272 MP: 16/54
    38 | D        | Noticed a destroyer
    38 | D        | Killed The Servant
    38 | D        | Killed a destroyer
    38 | D        | Reached XP level 25. HP: 280/280 MP: 17/54
    39 | D        | Noticed a destroyer
    40 | D        | Killed a destroyer
    42 | D        | Reached XP level 26. HP: 290/290 MP: 18/54
    44 | D        | Noticed a destroyer
    46 | D        | Noticed an accursed
    46 | D        | Noticed a destroyer
    49 | D        | Noticed a destroyer
    49 | D        | Noticed an accursed
    49 | D        | Killed a destroyer
    51 | D        | Noticed a tyrant
    51 | D        | Noticed an accursed
    51 | D        | Killed a destroyer
    51 | D        | Reached XP level 27. HP: 298/298 MP: 21/54
    53 | D        | Killed an accursed
    54 | D        | Killed an accursed
    54 | D        | Killed a tyrant
    55 | D        | Noticed an accursed
    55 | D        | Noticed an accursed
    55 | D        | Noticed an accursed
    56 | D        | Noticed an accursed
    56 | D        | Noticed an accursed
    56 | D        | Killed an accursed
    57 | D        | Noticed a destroyer
    57 | D        | Killed an accursed
    59 | D        | Noticed a tyrant
    60 | D        | Noticed an accursed
    60 | D        | Killed a destroyer
    60 | D        | Killed an accursed
    61 | D        | Killed a destroyer
    63 | D        | Killed an accursed
    65 | D        | Killed an accursed
    65 | D        | Killed a tyrant
    65 | D        | Killed an accursed
    66 | D        | Noticed The Captor
    66 | D        | Killed an accursed
    67 | D        | Noticed a destroyer
    69 | D        | Noticed a meat beast
    69 | D        | Noticed a dread
    70 | D        | Noticed an accursed
    72 | D        | Killed The Captor
    74 | D        | Noticed a meat beast
    74 | D        | HP: 9/296 [accursed/divine providence (6)]
    74 | D        | Annihilated by a meat berserker

Skill      XL: |  1  2  3  4  5  6  7  8  9 10 11 12 13 14 15 16 17 18 19 20 21 22 |
---------------+-------------------------------------------------------------------+-----
Fighting       | 13 14 15 16 17 18 20 21 24 26 27 | 27.0
Axes           | 15 17 19 20 22 23 25 27 | 27.0
Throwing       | 13 14 15 16 17 18 20 21 24 26 27 | 27.0
Dodging        | 15 16 17 18 19 20 21 23 24 27 | 27.0
Stealth        | 7 10 13 15 17 19 22 24 27 | 27.0
Unarmed Combat | 5 7 9 11 12 14 16 18 21 24 27 | 27.0
Spellcasting   | 4 6 8 10 11 13 15 17 20 23 27 | 27.0
Invocations    | 7 10 13 15 17 19 22 24 27 | 27.0
Evocations     | 7 10 13 15 17 19 21 24 27 | 27.0
Armour         | 26 27 | 27.0

Action                   |  1- 3 |  4- 6 |  7- 9 | 10-12 | 13-15 | 16-18 | 19-21 | 22-24 | 25-27 || total
-------------------------+-------+-------+-------+-------+-------+-------+-------+-------+-------++-------
Melee: Executioner's axe |     1 |       |       |     2 |     2 |     4 |     5 |     6 |    19 ||    39
Dodge: Dodged            |       |       |       |       |       |     1 |       |     1 |     8 ||    10
